 Dungeon Crawl Stone Soup version 0.21-a0-506-ga0ee87aef2 (webtiles) character file.

4703 GordonOverkill the Cleaver (level 10, -4/74 HPs)
             Began as a Mummy Artificer on Nov 27, 2017.
             Was an Initiate of Gozag.
             Slain by a two-headed ogre
             ... wielding a +0 giant club
              (17 damage)
             ... on level 8 of the Dungeon.
             The game lasted 00:23:50 (7453 turns).

GordonOverkill the Cleaver (Mummy Artificer)        Turns: 7453, Time: 00:23:50

Health: -4/74      AC: 17    Str: 20    XL:     10   Next: 21%
Magic:  13/13      EV:  6    Int:  7    God:    Gozag
Gold:   401        SH:  5    Dex: 12    Spells: 9/9 levels left

rFire    . . .     SeeInvis .   r - +2 hand axe (flame)
rCold    + . .     Gourm    .   b - +0 buckler
rNeg     + + +     Faith    .   z - +0 plate armour
rPois    ∞         Spirit   .   p - +0 helmet
rElec    +         Reflect  .   o - +1 cloak
rCorr    .         Harm     .   k - +1 pair of gloves
MR       +++..                  t - +0 pair of boots
Stlth    ..........             a - amulet of regeneration
HPRegen  0.62/turn              n - ring "Goodan" {rElec rF+ MR++ Int-3 Stlth+}
MPRegen  0.13/turn              (no ring)

@: no status effects
A: no food or potions, fire vulnerability, cold resistance 1, negative energy
resistance 3, torment resistance, unbreathing
a: Potion Petition, Call Merchant, Bribe Branch, Renounce Religion


You were on level 8 of the Dungeon.
You worshipped Gozag.
Gozag was aware of your devotion.
You were not hungry.

You visited 2 branches of the dungeon, and saw 9 of its levels.

You collected 531 gold pieces.
You paid 130 gold pieces to Gozag.

Inventory:

Hand Weapons
 m - a +0 war axe
 r - a +2 hand axe of flaming (weapon)
 s - a +0 flail of crushing
Missiles
 u - 3 tomahawks (quivered)
 x - 3 steel tomahawks
Armour
 b - a +0 buckler (worn)
 k - a +1 pair of gloves (worn)
 o - a +1 cloak (worn)
 p - a +0 helmet (worn)
 t - a +0 pair of boots (worn)
 z - a +0 plate armour (worn)
Jewellery
 a - an amulet of regeneration (around neck)
 n - the ring "Goodan" (left hand) {rElec rF+ MR++ Int-3 Stlth+}
   (You found it on level 4 of the Dungeon)

   [ring of protection from fire]

   It affects your intelligence (-3).
   It protects you from fire.
   It insulates you from electricity.
   It affects your resistance to hostile enchantments.
   It makes you more stealthy.
Wands
 c - a wand of flame (14)
 d - a wand of enslavement (12)
 e - a wand of random effects (31)
Scrolls
 f - a scroll of fog
 g - 2 scrolls of magic mapping
 h - 2 scrolls of identify
 i - 2 scrolls of teleportation
 j - a scroll of enchant weapon
 l - 5 scrolls of remove curse
 q - 4 scrolls of fear
 v - a scroll of immolation {unknown}
 y - a scroll of blinking {unknown}


   Skills:
 - Level 5.0 Fighting
   Level 0.7 Short Blades
 * Level 9.6 Axes
 + Level 2.6 Armour
 - Level 2.0 Dodging
 - Level 0.7 Stealth
 - Level 4.0 Shields
 - Level 5.0 Evocations


You had 9 spell levels left.
You didn't know any spells.

Dungeon Overview and Level Annotations

Branches:
Dungeon (8/15)             Temple (1/1) D:6
   Lair: D:8-11

Altars:
Ashenzari
Cheibriados
Elyvilon
Fedhas
Gozag
Hepliaklqana
Kikubaaqudgha
Makhleb
Nemelex Xobeh
Okawaru
Qazlal
Ru
Sif Muna
Trog
Uskayaw
Vehumet
Wu Jian
Xom
Yredelemnul
Zin
The Shining One

Shops:
D:7 *

Annotations:
D:3 brujo666's ghost, amateur MiBe
D:6 brujo666's ghost, novice DsBe


Innate Abilities, Weirdness & Mutations

You do not eat or drink.
Your flesh is vulnerable to fire.
You are immune to poison.
Your flesh is cold resistant. (rC+)
You are immune to negative energy. (rN+++)
You are immune to unholy pain and torment.
You can survive without breathing.


Message History

Aiming: Random Effects
Press: ? - help, Shift-Dir - straight line, f - two-headed ogre
Aim: a two-headed ogre, wielding a giant spiked club and a giant club The two-headed ogre seems to slow down.
Something hits you but does no damage. Something hits you.
The two-headed ogre moves out of view.
Evoke which item? (* to show all) (? for menu, Esc to quit)
Aiming: Random Effects
Press: ? - help, Shift-Dir - straight line, f - two-headed ogre
Aim: a two-headed ogre, wielding a giant spiked club and a giant club (hasn't noticed you)
The two-headed ogre seems to speed up.
Something hits you! Something hits you!!
Evoke which item? (* to show all) (? for menu, Esc to quit)
Aiming: Random Effects
Press: ? - help, Shift-Dir - straight line, f/p - two-headed ogre
Aim: a two-headed ogre, wielding a giant spiked club and a giant club (fast)
The two-headed ogre flickers and vanishes!
Something hits you!!
* * * LOW HITPOINT WARNING * * *
Something hits you!
You die...
Your body crumbles into a pile of gold.

..# .. ... ...
..# #.## ..#
#...# ..###...
..#.. #..##
##@[.##
####{5[..#
#.#.....##..#
#......$# ....
#......$)......
........O....{{
...............
...............
...............


You could see a two-headed ogre and a shadow imp.

Vanquished Creatures
  Pikel (D:7)
  Joseph (D:7)
  Grinder (D:6)
  2 hippogriffs (D:7)
  A human (D:7)
  A steam dragon (D:5)
  A yak (D:7)
  3 hogs (D:7)
  Edmund (D:6)
  2 water moccasins
  An ice beast (D:7)
  An orc warrior (D:6)
  A slave (D:7)
  A sky beast (D:5)
  2 black bears (D:7)
  2 ogres
  3 centaurs
  2 bullfrogs (D:6)
  A scorpion (D:7)
  A howler monkey (D:8)
  2 crimson imps
  2 hounds
  2 centaur skeletons
  A gnoll shaman (D:4)
  6 orc priests
  9 orc wizards
  Jessica (D:3)
  2 iguanas
  Ijyb (D:3)
  7 worker ants
  5 gnolls (D:4)
  6 adders
  A shadow imp (D:7)
  An ooze (D:3)
  2 adder skeletons (D:6)
  2 dart slugs
  2 worms (D:3)
  2 leopard geckos
  31 orcs
  8 giant cockroaches
  13 goblins
  10 hobgoblins
  4 jackals
  5 quokkas
  9 bats
  5 frilled lizards
  8 kobolds
  A leopard gecko skeleton (D:5)
  A leopard gecko zombie (D:2)
  3 rats
181 creatures vanquished.

Vanquished Creatures (collateral kills)
  A crimson imp (D:5)
  A leopard gecko (D:5)
2 creatures vanquished.

Grand Total: 183 creatures vanquished

Notes
Turn   | Place    | Note
-------+----------+-------------------------------------------
     0 | D:1      | GordonOverkill the Mummy Artificer began the quest for the Orb.
     0 | D:1      | Reached XP level 1. HP: 15/15 MP: 2/2
   500 | D:1      | Reached XP level 2. HP: 19/21 MP: 3/3
  1374 | D:2      | Reached XP level 3. HP: 27/27 MP: 5/5
  1379 | D:2      | Found a faded altar of an unknown god.
  2073 | D:3      | Noticed brujo666's ghost (amateur MiBe)
  2150 | D:3      | Reached XP level 4. HP: 34/34 MP: 6/6
  2466 | D:3      | Noticed Jessica
  2473 | D:3      | Killed Jessica
  2473 | D:3      | Reached XP level 5. HP: 41/41 MP: 7/7
  2677 | D:3      | Noticed Ijyb
  2692 | D:3      | Killed Ijyb
  2692 | D:3      | Reached skill level 1 in Axes
  3085 | D:4      | Found a basalt altar of Yredelemnul.
  3100 | D:4      | Reached skill level 1 in Armour
  3224 | D:4      | Reached XP level 6. HP: 40/47 MP: 8/8
  3271 | D:4      | Reached skill level 2 in Axes
  3525 | D:4      | Reached skill level 1 in Shields
  3784 | D:4      | Got a heavily runed turquoise ring
  4198 | D:5      | Entered Level 5 of the Dungeon
  4208 | D:5      | Reached XP level 7. HP: 52/52 MP: 10/10
  4227 | D:5      | Reached skill level 3 in Axes
  4243 | D:5      | Identified the ring "Goodan" {rElec rF+ MR++ Int-3 Stlth+} (You found it on level 4 of the Dungeon)
  4433 | D:5      | Reached skill level 4 in Axes
  4487 | D:5      | Reached XP level 8. HP: 39/58 MP: 11/11
  4656 | D:5      | Reached skill level 5 in Evocations
  4708 | D:5      | Reached skill level 5 in Axes
  4881 | D:5      | Found a blossoming altar of Fedhas.
  5150 | D:6      | Noticed Edmund
  5172 | D:6      | Killed Edmund
  5502 | D:6      | Noticed Grinder
  5508 | D:6      | Killed Grinder
  5508 | D:6      | Reached skill level 6 in Axes
  5552 | D:6      | Found a staircase to the Ecumenical Temple.
  5570 | Temple   | Entered the Ecumenical Temple
  5782 | D:6      | Found a white marble altar of Elyvilon.
  5929 | D:6      | Noticed brujo666's ghost (novice DsBe)
  6079 | D:6      | Reached XP level 9. HP: 45/63 MP: 12/12
  6322 | D:7      | Found a glowing golden altar of the Shining One.
  6348 | D:7      | Reached skill level 7 in Axes
  6564 | D:7      | Found Gozag's Platinum Reserve.
  6617 | D:7      | Noticed Pikel
  6644 | D:7      | Killed Pikel
  6644 | D:7      | Reached skill level 8 in Axes
  6661 | D:7      | Found an opulent altar of Gozag.
  6682 | D:7      | Became a worshipper of Gozag Ym Sagoz the Greedy
  6749 | D:7      | Reached skill level 5 in Fighting
  7158 | D:7      | Reached skill level 9 in Axes
  7168 | D:7      | Reached XP level 10. HP: 41/74 MP: 13/13
  7390 | D:8      | Noticed Joseph
  7412 | D:7      | Killed Joseph
  7437 | D:8      | Noticed a two-headed ogre
  7448 | D:8      | Noticed a two-headed ogre
  7451 | D:8      | Noticed a two-headed ogre
  7453 | D:8      | Slain by a two-headed ogre

Vault maps used:
D:1:      roderic_chinese_lattice_arrival, kennysheep_nondescript, st_stairs_6
D:2:      chequers_ecumenical_altar_simple
D:3:      minmay_misc_feat_five, uniq_ijyb, uniq_jessica
D:4:      kennysheep_the_goblin_king, kennysheep_mini_moat, first_bread
D:5:      kennysheep_mini, serial_glass, glass_columns_a, glass_columns_a
D:6:      lemuel_round_altar, minmay_temple_entry_nine_rooms, uniq_grinder,
          uniq_edmund
D:7:      marbit_many_paths, nicolae_gozag_zags_fifth_avenue, grunt_livestock,
          st_stairs_10, uniq_pikel
D:8:      lemuel_coloured_pillars_altar, nicolae_ossuary_entry_giza, uniq_erica,
          uniq_joseph
Temple:   kb_temple_of_zot

Skill      XL: |  1  2  3  4  5  6  7  8  9 |
---------------+----------------------------+-----
Dodging        | 2 |  2.0
Fighting       | 2 3 5 |  5.0
Evocations     | 3 4 5 |  5.0
Axes           | 1 2 4 6 9 |  9.6
Armour         | 1 2 |  2.6
Shields        | 1 2 4 |  4.0
Short Blades   | |  0.7
Stealth        | |  0.7

Action                   |  1- 3 |  4- 6 |  7- 9 | 10-12 || total
-------------------------+-------+-------+-------+-------++-------
Melee: Short sword       |    81 |       |       |       ||    81
       Dagger            |   124 |    25 |       |       ||   149
       Hand axe          |       |   198 |   381 |    58 ||   637
Evoke: Wand              |     1 |     4 |    14 |     4 ||    23
  Use: Scroll            |       |     9 |     4 |       ||    13
 Stab: Paralysed         |       |     2 |       |       ||     2
Armor: Leather armour    |    14 |       |       |       ||    14
       Ring mail         |    46 |       |       |       ||    46
       Chain mail        |    21 |   119 |   136 |       ||   276
       Plate armour      |       |       |   119 |    19 ||   138
Dodge: Dodged            |   128 |    81 |    96 |    11 ||   316
Block: Buckler           |       |       |    77 |     7 ||    84

Table legend:
 A = Spawn XP
 B = Non-spawn XP
 C = Spawn XP percentage of total XP
 D = Spawn monster count
 E = Non-spawn monster count
 F = Spawn count percentage of total count
 G = Total turns spent on level
                    A         B        C        D         E        F      G
               +---------+---------+-------+---------+---------+-------+---------
         Total |       0 |    6719 |   0.0 |       0 |     182 |   0.0 |  7453
               +---------+---------+-------+---------+---------+-------+---------
           D:1 |       0 |      31 |   0.0 |       0 |      21 |   0.0 |  1359
           D:2 |       0 |      43 |   0.0 |       0 |      18 |   0.0 |   729
           D:3 |       0 |     188 |   0.0 |       0 |      29 |   0.0 |   991
           D:4 |       0 |     468 |   0.0 |       0 |      33 |   0.0 |  1119
           D:5 |       0 |    1139 |   0.0 |       0 |      30 |   0.0 |  1009
           D:6 |       0 |     961 |   0.0 |       0 |      15 |   0.0 |   861
           D:7 |       0 |    3543 |   0.0 |       0 |      23 |   0.0 |  1195
           D:8 |       0 |     262 |   0.0 |       0 |       8 |   0.0 |    37
        Temple |       0 |      84 |   0.0 |       0 |       5 |   0.0 |   153
               +---------+---------+-------+---------+---------+-------+---------
